 Dungeon Crawl Stone Soup version 0.24.0-123-gd5b16e6ec5 (webtiles) character file.

Game seed: 11046430639293502247, levelgen mode: deterministic

1180 Peloso the Slasher (level 8, -2/70 HPs)
             Began as a Minotaur Fighter on Jan 20, 2020.
             Shot with an arrow by a centaur (11 damage)
             ... on level 6 of the Dungeon.
             The game lasted 00:08:19 (4392 turns).

Peloso the Slasher (Minotaur Fighter)               Turns: 4392, Time: 00:08:19

Health: -2/70      AC:  8    Str: 22    XL:     8   Next: 18%
Magic:  7/7        EV: 11    Int:  5    God:
Gold:   256        SH: 11    Dex: 15    Spells: 7/7 levels left

rFire    + + .     SeeInvis .   a - +0 long sword
rCold    x . .     Gourm    .   c - +0 shield
rNeg     . . .     Faith    .   o - +3 leather armour of the Foremost Ghosts {rElec rF++ rC- Dex+4}
rPois    .         Spirit   .   (helmet restricted)
rElec    +         Reflect  .   (no cloak)
rCorr    .         Harm     .   (no gloves)
MR       .....                  t - +0 pair of boots
Stlth    ++........             (no amulet)
HPRegen  0.21/turn              (no ring)
MPRegen  0.10/turn              (no ring)

@: no status effects
A: retaliatory headbutt, horns 2
a: no special abilities


You were on level 6 of the Dungeon.
You were hungry.

You visited 1 branch of the dungeon, and saw 6 of its levels.

You collected 256 gold pieces.

Inventory:

Hand Weapons
 a - a +0 long sword (weapon)
Armour
 c - a +0 shield (worn)
 o - the +3 leather armour of the Foremost Ghosts (worn) {rElec rF++ rC- Dex+4}
   (You found it on level 4 of the Dungeon)

   It affects your dexterity (+4).
   It greatly protects you from fire.
   It makes you vulnerable to cold.
   It insulates you from electricity.
 q - a +0 chain mail
 t - a +0 pair of boots (worn)
Wands
 h - a wand of iceblast (12)
 u - a wand of acid (8)
Scrolls
 g - a scroll of fear {unknown}
 k - a scroll of remove curse
 m - a scroll of amnesia {unknown}
 p - a scroll of teleportation
 r - a scroll of noise {unknown}
Potions
 b - 2 potions of berserk rage {unknown}
 d - a potion of might
 e - a potion of resistance {unknown}
 i - 3 potions of degeneration {unknown}
 j - a potion of flight {unknown}
 l - 2 potions of cancellation
 n - a potion of curing
 s - 2 potions of agility {unknown}
Comestibles
 f - 18 rations


   Skills:
 + Level 5.7 Fighting
   Level 0.7(3.8) Short Blades
 + Level 6.7 Long Blades
 + Level 5.7 Armour
 + Level 3.1 Dodging
 + Level 2.2 Stealth
 + Level 6.5 Shields


You had 7 spell levels left.
You didn't know any spells.
Your spell library contained the following spells:

 Spells                   Type           Power        Failure   Level  Hunger
 Beastly Appendage        Tmut           #.....       88%         1    ##.....
 Sticks to Snakes         Tmut           #.......     95%         2    ###....
 Spider Form              Tmut/Pois      #.........   99%         3    ####...
 Ice Form                 Ice/Tmut       #.......     100%        4    #####..
 Blade Hands              Tmut           #.........   100%        5    ######.


Dungeon Overview and Level Annotations

Branches:
Dungeon (6/15)
 Temple: D:4-7

Altars:
Ashenzari
Cheibriados
Kikubaaqudgha
Nemelex Xobeh
Ru
Uskayaw


Innate Abilities, Weirdness & Mutations

You reflexively headbutt those who attack you in melee.
You have a pair of horns on your head.


Message History

You see here an arrow.
You slash the orc!
You kill the orc!
The centaur shoots an arrow.
You block the arrow.
You see here an arrow.
The centaur shoots an arrow.
You block the arrow.
The centaur shoots an arrow.
The arrow hits you.
* * * LOW HITPOINT WARNING * * *
Found a ring mail.
You see here 2 arrows.
The centaur shoots an arrow.
The arrow hits you!
* * * LOW HITPOINT WARNING * * *
You see here an arrow.
You feel better.
The centaur shoots an arrow.
The arrow hits you but does no damage.
The centaur shoots an arrow.
The arrow hits you.
* * * LOW HITPOINT WARNING * * *
You see here an arrow.
The centaur shoots an arrow.
The arrow hits you!
You die...

........†..#..#.########.
..###..###..#......##....
#..............%......
#.#.##...............#
#.#.##.##.[....#.....#
#....†..........##...#
#.........##.....##...#
##........##.#.?#.....#
#...........#@...)....####
#..##.....##(#..$......[.##
#. #..#..##.(.............
. ..##.....((.(..)........
.. #.........###.[......
..#....##...##........
................).....
.......#.#..c###...#..
............... .### .


You could see a centaur.

Vanquished Creatures
  Menkaure (D:4)
  A water moccasin (D:3)
  A sky beast (D:5)
  A necrophage (D:6)
  4 bullfrogs (D:6)
  A scorpion (D:6)
  A howler monkey (D:4)
  A centaur skeleton (D:6)
  A hound (D:5)
  A bullfrog skeleton (D:4)
  Ijyb (D:2)
  2 orc wizards
  2 worker ants
  8 adders
  2 shadow imps
  An ooze (D:5)
  An adder skeleton (D:5)
  An adder zombie (D:5)
  4 worms
  2 dart slugs
  2 leopard geckos
  14 orcs
  3 giant cockroaches
  7 goblins
  9 hobgoblins
  4 jackals (D:4)
  7 quokkas
  A ball python (D:5)
  11 bats
  2 frilled lizards (D:1)
  10 kobolds
  11 rats
118 creatures vanquished.

Notes
Turn   | Place    | Note
-------+----------+-------------------------------------------
     0 | D:1      | Peloso the Minotaur Fighter began the quest for the Orb.
     0 | D:1      | Reached XP level 1. HP: 19/19 MP: 0/0
   240 | D:1      | Reached XP level 2. HP: 27/27 MP: 1/1
   924 | D:2      | Reached XP level 3. HP: 33/33 MP: 2/2
  1187 | D:2      | Reached XP level 4. HP: 26/40 MP: 3/3
  1633 | D:3      | Noticed Ijyb
  1848 | D:2      | Killed Ijyb
  1978 | D:3      | Reached XP level 5. HP: 47/47 MP: 4/4
  2016 | D:3      | Noticed a water moccasin
  2027 | D:3      | HP: 1/47 [poisoned by a water moccasin]
  2027 | D:3      | Killed a water moccasin
  2027 | D:3      | Reached skill level 5 in Armour
  2027 | D:3      | Reached skill level 1 in Dodging
  2027 | D:3      | Reached skill level 5 in Shields
  2554 | D:4      | Got a faintly glowing leather armour
  2574 | D:4      | Reached XP level 6. HP: 46/53 MP: 5/5
  2696 | D:4      | Identified the +3 leather armour of the Foremost Ghosts
                  | {rElec rF++ rC- Dex+4} (You found it on level 4 of the
                  | Dungeon)
  3274 | D:4      | Noticed Menkaure
  3283 | D:4      | Killed Menkaure
  3283 | D:4      | Reached skill level 5 in Fighting
  3283 | D:4      | Reached skill level 1 in Stealth
  3763 | D:5      | Entered Level 5 of the Dungeon
  3763 | D:5      | Found a hide-covered altar of Uskayaw.
  3763 | D:5      | Noticed a +0 hand axe
  3763 | D:5      | Noticed a +0 dagger
  3786 | D:5      | Reached XP level 7. HP: 59/61 MP: 6/6
  3794 | D:5      | Found a shattered altar of Ashenzari.
  3805 | D:5      | Reached skill level 5 in Long Blades
  3823 | D:5      | Found a snail-covered altar of Cheibriados.
  3888 | D:5      | Found a sacrificial altar of Ru.
  4103 | D:5      | Found an ancient bone altar of Kikubaaqudgha.
  4319 | D:6      | Found a sparkling altar of Nemelex Xobeh.
  4355 | D:6      | Reached XP level 8. HP: 63/69 MP: 7/7
  4392 | D:6      | Shot with an arrow by a centaur

Levels and vault maps discovered:
D:1:      minmay_arrival_wavy_path, layout_loops_corners
D:2:      layout_loops_ring
D:3:      layout_rooms, serial_glass, glass_columns_a, glass_columns_a,
          glass_columns_a, glass_columns_c, glass_columns_b, glass_columns_b,
          uniq_ijyb
D:4:      layout_basic, chequers_serial_rivers_small_b, uniq_menkaure
D:5:      layout_cave_pools, nicolae_ru_great_annihilating_truth,
          ashenzari_altar_1, dancing_weapons_uskayaw, lemuel_crystal_altar,
          basic_altar, first_ration
D:6:      layout_rooms, nicolae_overflow_crystal_walls, kennysheep_mini_moat,
          hangedman_decor_growths

Skill      XL: |  1  2  3  4  5  6  7 |
---------------+----------------------+-----
Fighting       | 4 5 |  5.7
Armour         | 4 5 |  5.7
Shields        | 4 5 6 |  6.5
Long Blades    | 3 4 6 |  6.7
Dodging        | 1 2 3 |  3.1
Stealth        | 1 2 |  2.2
Short Blades   | |  0.7

Action                   |  1- 3 |  4- 6 |  7- 9 || total
-------------------------+-------+-------+-------++-------
Melee: Long sword        |    64 |   124 |    67 ||   255
       Headbutt          |    20 |    22 |    24 ||    66
       Short sword       |    57 |    24 |       ||    81
  Use: Potion            |     2 |     1 |     1 ||     4
       Scroll            |     3 |     1 |       ||     4
 Stab: Sleeping          |       |     1 |     1 ||     2
       Invisible         |       |       |     1 ||     1
       Paralysed         |       |       |     1 ||     1
  Eat: Chunk             |       |     8 |     3 ||    11
Armor: Scale mail        |    54 |    54 |       ||   108
       Leather armour    |       |    14 |    19 ||    33
Dodge: Dodged            |    34 |    60 |    35 ||   129
Block: Shield            |    58 |    96 |    43 ||   197
       Rpst.: Long sword |     3 |    11 |    15 ||    29
